 Dungeon Crawl Stone Soup version 0.28-a0-773-g130ae17fe5 (webtiles) character file.

Game seed: 10358496513804071307

172 FexLirch the Skirmisher (level 5, 0/61 HPs)
             Began as an Ogre Hunter on Nov 1, 2021.
             Slain by a hobgoblin (5 damage)
             ... led by Robin
             ... on level 3 of the Dungeon.
             The game lasted 00:09:25 (2824 turns).

FexLirch the Skirmisher (Ogre Hunter)               Turns: 2824, Time: 00:09:26

Health: 0/61       AC:  3    Str: 16    XL:     5   Next: 52%
Magic:  5/5        EV:  9    Int: 12    God:
Gold:   94         SH:  0    Dex: 10    Spells: 4/4 levels left

rFire   . . .      SeeInvis .   a - +0 short sword
rCold   . . .      Faith    .   (no shield)
rNeg    . . .      Spirit   .   b - +0 robe
rPois   .          Reflect  .   (helmet restricted)
rElec   .          Harm     .   (no cloak)
rCorr   .          Rampage  .   (gloves unavailable)
Will    .....                   (boots unavailable)
Stlth   +.........              (no amulet)
HPRegen 0.20/turn               (no ring)
MPRegen 0.09/turn               (no ring)

@: no status effects
A: large, unfitting armour, tough skin 1
a: no special abilities


You were on level 3 of the Dungeon.
You visited 1 branch of the dungeon, and saw 3 of its levels.

You collected 94 gold pieces.

Inventory:

Hand Weapons
 a - a +0 short sword (weapon)
 n - a +0 hunting sling
Missiles
 c - 4 large rocks (quivered)
 d - a throwing net
 f - 18 arrows
 g - 78 stones
 j - 23 bolts
Armour
 b - a +0 robe (worn)
Scrolls
 i - 2 scrolls of identify
 k - a scroll of magic mapping
Potions
 e - 2 potions of curing
 h - a potion of lignification {unknown}
 l - a potion of attraction {unknown}
 m - a potion of degeneration {unknown}
 o - a potion of resistance {unknown}


   Skills:
 + Level 6.4 Fighting
 * Level 4.8 Throwing
 - Level 1.7 Dodging
 - Level 0.6 Stealth


You had 4 spell levels left.
You didn't know any spells.
Your spell library contained the following spells:

 Spells                   Type           Power      Damage    Failure   Level
 Shock                    Conj/Air       0%         1d3       32%         1
 Passwall                 Tmut/Erth      0%         N/A       45%         2
 Gell's Gravitas          Tloc           0%         N/A       69%         3
 Swiftness                Air            0%         N/A       69%         3
 Teleport Other           Tloc           0%         N/A       69%         3
 Airstrike                Air            0%         N/A       97%         4
 Dispersal                Tloc           0%         N/A       100%        6
 Invisibility             Hex            0%         N/A       100%        6


Dungeon Overview and Level Annotations

Branches:
Dungeon (3/15)

Altars:

Shops:
D:2 (

Annotations:
D:3 Robin


Innate Abilities, Weirdness & Mutations

You are too large for most types of armour.
You have tough skin. (AC +1)


Message History

The goblin hits you with a +0 club. x2; The goblin hits you but does no damage.
The hobgoblin barely misses you. The goblin hits you with a +0 club.
The goblin closely misses you.
As you read the scroll labelled GUOSIL KOMOK, it crumbles to dust.
It is a scroll of identify.
k - a scroll of magic mapping The goblin hits you with a +0 dagger.
The goblin hits you with a +0 club.
* * * LOW HITPOINT WARNING * * *
The hobgoblin hits you but does no damage.
The goblin barely misses you. The goblin hits you with a +0 club.
* * * LOW HITPOINT WARNING * * *
It was a potion of curing.
You feel better. The goblin hits you with a +0 dagger.
* * * LOW HITPOINT WARNING * * *
The goblin hits you with a +0 club.
* * * LOW HITPOINT WARNING * * *
The hobgoblin barely misses you. The goblin completely misses you.
The goblin barely misses you.
Okay, then.
Unknown command.
You feel better. The goblin hits you but does no damage.
The goblin barely misses you.
The hobgoblin hits you but does no damage.
The goblin closely misses you. The goblin hits you with a +0 club.
* * * LOW HITPOINT WARNING * * *
Throw: 5 large rocks
Press: ? - help, Q - select action, (/) - cycle Shift-Dir - straight line, f - goblin
Aim: a goblin, wielding a +0 club (severely wounded, strong, 55% to hit)
You throw a large rock. The large rock misses the goblin.
The goblin closely misses you. The goblin hits you with a +0 club.
* * * LOW HITPOINT WARNING * * *
The hobgoblin barely misses you. The goblin closely misses you.
The goblin hits you with a +0 club.
* * * LOW HITPOINT WARNING * * *
The goblin hits you with a +0 dagger.
* * * LOW HITPOINT WARNING * * *
The goblin hits you with a +0 club.
* * * LOW HITPOINT WARNING * * *
The hobgoblin hits you.
You die...

##.# #...
#..##..(.
+.........
#.........
#..#......
+##+......... #
#..#.........
+.#gg#g##......
#'gg@g# ......
g...gw#gg###
..... .....
#.g# .... ##+#
+### ...


You could see Robin, a dart slug, a hobgoblin (strong) and 8 goblins.

Vanquished Creatures
  Jessica (D:2)
  Terence (D:2)
  3 gnolls (D:2)
  4 adders (D:2)
  A dart slug (D:1)
  5 endoplasms
  5 giant cockroaches
  7 hobgoblins
  4 jackals (D:2)
  4 quokkas
  A ball python (D:2)
  4 bats
  3 frilled lizards
  5 goblins
  A kobold (D:1)
  6 rats
55 creatures vanquished.

Vanquished Creatures (others)
  A plant (D:2)
1 creature vanquished.

Grand Total: 56 creatures vanquished

Notes
Turn   | Place    | Note
-------+----------+-------------------------------------------
     0 | D:1      | FexLirch the Ogre Hunter began the quest for the Orb.
     0 | D:1      | Reached XP level 1. HP: 22/22 MP: 1/1
    84 | D:1      | Reached skill level 3 in Fighting
   348 | D:1      | Found a faded altar of an unknown god.
   507 | D:1      | Reached XP level 2. HP: 26/31 MP: 2/2
   837 | D:1      | Reached skill level 4 in Fighting
  1220 | D:1      | Reached XP level 3. HP: 27/40 MP: 3/3
  1376 | D:2      | Noticed Jessica
  1377 | D:2      | Killed Jessica
  1378 | D:2      | Reached skill level 5 in Fighting
  1380 | D:2      | Reached XP level 4. HP: 50/50 MP: 4/4
  1817 | D:2      | Reached skill level 6 in Fighting
  1842 | D:2      | Reached XP level 5. HP: 33/59 MP: 5/5
  1980 | D:2      | Found Bahikli's Weapon Emporium.
  1999 | D:2      | Noticed Terence
  2017 | D:2      | Killed Terence
  2814 | D:3      | Noticed Robin
  2824 | D:3      | Slain by a hobgoblin

Illustrated notes

Levels and vault maps discovered:
D:1:      dpeg_arrival_rooms_with_view, layout_loops_corners,
          basic_ecumenical_altar, kennysheep_small_spiral
D:2:      layout_loops_ring, serial_shops, shop, guppyfry_early_lair_pool,
          uniq_terence, uniq_jessica
D:3:      layout_rooms, mainiacjoe_overflow_24_doors, serial_shops, shop,
          nicolae_square_shop, minmay_misc_feat_iff, uniq_robin

Skill      XL: |  1  2  3  4 |
---------------+-------------+-----
Fighting       | 3 4 5 6 |  6.4
Throwing       | |  4.8
Dodging        | |  1.7
Stealth        | |  0.6

Action                   |  1- 3 |  4- 6 || total
-------------------------+-------+-------++-------
Melee: Short sword       |    72 |   120 ||   192
Throw: Large rock        |     6 |    24 ||    30
       Throwing net      |       |     2 ||     2
  Use: Potion            |       |     2 ||     2
       Scroll            |       |     1 ||     1
 Stab: Sleeping          |       |     2 ||     2
       Held in net/web   |       |     1 ||     1
Armor: Robe              |    31 |    40 ||    71
Dodge: Dodged            |    30 |    71 ||   101

Table legend: (Time is in decaauts)
 A = Elapsed time spent in this place.
 B = Non-inter-level travel time spent in this place.
 C = Inter-level travel time spent in this place.
 D = Time resting spent in this place.
 E = Time spent auto-exploring this place.
 F = Levels seen in this place.
 G = Mean time per level.
                   A        B        C        D        E       F      G
               +--------+--------+--------+--------+--------+-----+--------+
         Total |   2867 |   2829 |     38 |    403 |   1829 |   3 |  955.7 |
       Dungeon |   2867 |   2829 |     38 |    403 |   1829 |   3 |  955.7 |
               +--------+--------+--------+--------+--------+-----+--------+

Top non-repeatable levels by time:
     D:2: 1431 daAuts
     D:1: 1386 daAuts
     D:3: 49 daAuts
